 Dungeon Crawl Stone Soup version 0.20-a0-3-g334f831 (webtiles) character file.

155 Gorice the Cutter (level 5, 0/32 HPs)
             Began as a Kobold Enchanter on Oct 30, 2016.
             Slain by Philosophy's ghost (8 damage)
             ... on level 3 of the Dungeon.
             The game lasted 00:11:58 (3358 turns).

Gorice the Cutter (Kobold Enchanter)                Turns: 3358, Time: 00:11:59

Health: 0/32       AC:  6    Str:  7    XL:     5   Next: 63%
Magic:  3/8        EV: 15    Int: 16    God:
Gold:   158        SH:  0    Dex: 15    Spells: 3 memorised, 2 levels left

rFire  . . .     SeeInvis .     a - +1 dagger
rCold  . . .     Gourm    .     b - +1 robe
rNeg   . . .     Faith    .     (shield restricted)
rPois  .         Spirit   .     h - +2 helmet
rElec  .         Reflect  .     (no cloak)
rCorr  .         Harm     .     (no gloves)
MR     .....                    (no boots)
Stlth  +++.......               (no amulet)
                                (no ring)
                                (no ring)

@: no status effects
A: carnivore 3
a: no special abilities


You were on level 3 of the Dungeon.
You were completely stuffed.

You visited 1 branch of the dungeon, and saw 3 of its levels.

You collected 158 gold pieces.

Inventory:

Hand Weapons
 a - a +1 dagger (weapon)
 e - a +0 short sword
Missiles
 Z - 66 stones (quivered)
Armour
 b - a +1 robe (worn)
 h - a +2 helmet (worn)
 q - a +0 ring mail
Scrolls
 f - 2 scrolls of teleportation {!r}
 i - 3 scrolls of remove curse
 j - a scroll of fear {!r}
 k - 2 scrolls of identify
 n - a scroll of enchant armour {unknown}
 o - 2 scrolls of blinking {unknown}
Potions
 g - a potion of heal wounds {!q}
 l - a potion of mutation {!q}
 m - a potion of curing
 p - a potion of brilliance {!q}
 r - a potion of haste {!q}
Books
 c - a book of Maledictions
Comestibles
 d - a meat ration {!e}


   Skills:
 + Level 2.9 Fighting
 * Level 5.4 Short Blades
 - Level 2.4 Dodging
 - Level 4.0 Stealth
 - Level 2.1 Spellcasting
 - Level 3.0 Hexes


You had 2 spell levels left.
You knew the following spells:

 Your Spells              Type           Power        Failure   Level  Hunger
a - Corona                Hex            ##.....      8%          1    #......
b - Ensorcelled Hibernat  Hex/Ice        #.....       17%         2    ###....
c - Confuse               Hex            ##......     17%         3    ###....


Dungeon Overview and Level Annotations

Branches:
Dungeon (3/15)

Altars:
Yredelemnul
The Shining One

Annotations:
D:3 Natasha; Philosophy's ghost, amateur CeHu


Innate Abilities, Weirdness & Mutations

You are small and have problems with some larger weapons.
You are carnivorous and can eat meat at any time.


Message History

Casting: Ensorcelled Hibernation
Confirm with . or Enter, or press ? or * to list all spells.
Aiming: Ensorcelled Hibernation
Press: ? - help, Shift-Dir - straight line, f/p - adder
Aim: an adder (chance to defeat MR: 47%)
The adder looks drowsy...
The helpless adder fails to defend itself.
You perforate the adder like a sieve!!!
You kill the adder!
You start resting.
Some of the chunks of flesh in your inventory have rotted away.
Eating a chunk of flesh.
You start eating the chunk of flesh.
This raw flesh tastes great.
Magic restored.
There is a stone staircase leading down here.
Philosophy's ghost is too close now for your liking.
Philosophy's ghost whispers, "The ORB doesn't exist."
There is a stone staircase leading down here.
Casting: Ensorcelled Hibernation
Confirm with . or Enter, or press ? or * to list all spells.
Aiming: Confuse
Press: ? - help, Shift-Dir - straight line, f - Philosophy's ghost
Aim: Philosophy's ghost (chance to defeat MR: 31%) Philosophy's ghost easily resists.
Casting: Confuse
Confirm with . or Enter, or press ? or * to list all spells.
Aiming: Confuse
Press: ? - help, Shift-Dir - straight line, f/p - Philosophy's ghost
Aim: Philosophy's ghost (chance to defeat MR: 31%) Philosophy's ghost easily resists.
Philosophy's ghost hits you!
Damage: 11 (max 11)
Casting: Confuse
Confirm with . or Enter, or press ? or * to list all spells.
You don't have enough magic to cast that spell.
Philosophy's ghost closely misses you.
You hit Philosophy's ghost but do no damage.
You hit Philosophy's ghost.
Philosophy's ghost is lightly damaged.
Philosophy's ghost hits you.
Damage: 3 (max 11)
You completely miss Philosophy's ghost.
Philosophy's ghost is lightly damaged.
Philosophy's ghost hits you!
* * * LOW HITPOINT WARNING * * *
Damage: 11 (max 11)
You hit Philosophy's ghost but do no damage.
Philosophy's ghost is lightly damaged.
Philosophy's ghost misses you. Philosophy's ghost hits you!
You die...

##..# #.#.# #.#.#
....######.#.# #.#.#
##.........#.# #.#.#
#.........#.###.#.#
###........#.....#.##########
...............>.#..........#
##........######.########.###
#..####### #W#......#.#
#..############@#.####.#.#
#............##.#...<#.#.#
#.##########.##.###..#.#.#
#.##### #.##........#.#
#.#...######.###########.#
#........................#
.###...######.#############
......<..# #.# ..######.# #.#


You could see Philosophy's ghost.

Vanquished Creatures
  A centaur zombie (D:1)
  6 adders
  An ooze (D:3)
  3 worms (D:2)
  3 dart slugs
  3 leopard geckos
  5 bats
  3 giant cockroaches
  2 goblins
  4 hobgoblins (D:2)
  6 jackals
  5 kobolds
  3 quokkas
  3 rats
48 creatures vanquished.

Notes
Turn   | Place    | Note
-------+----------+-------------------------------------------
     0 | D:1      | Gorice the Kobold Enchanter began the quest for the Orb.
     0 | D:1      | Reached XP level 1. HP: 10/10 MP: 3/3
   539 | D:1      | Reached skill level 2 in Short Blades
   663 | D:1      | Reached XP level 2. HP: 16/16 MP: 3/5
   855 | D:1      | Reached skill level 1 in Fighting
  1256 | D:2      | Reached skill level 3 in Short Blades
  1278 | D:2      | Learned a level 2 spell: Ensorcelled Hibernation
  1304 | D:2      | Reached XP level 3. HP: 16/20 MP: 2/6
  1329 | D:2      | Found a faded altar of an unknown god.
  1359 | D:2      | Found a basalt altar of Yredelemnul.
  1361 | D:2      | Noticed a profane servitor
  1374 | D:2      | Found a glowing golden altar of the Shining One.
  1376 | D:2      | Noticed an angel
  1847 | D:2      | Learned a level 3 spell: Confuse
  2009 | D:1      | Reached skill level 2 in Fighting
  2009 | D:1      | Reached skill level 4 in Short Blades
  2009 | D:1      | Reached XP level 4. HP: 26/26 MP: 3/7
  2163 | D:3      | Reached XP level 5. HP: 31/31 MP: 1/8
  2253 | D:3      | Noticed Philosophy's ghost (amateur CeHu)
  2571 | D:3      | Noticed Natasha
  2633 | D:2      | Reached skill level 5 in Short Blades
  3354 | D:3      | HP: 7/32 [Philosophy's ghost (11)]
  3358 | D:3      | Slain by Philosophy's ghost

Vault maps used:
D:1:      dpeg_arrival_renting
D:2:      grunt_temple_overflow_holy_war, first_bread, ecumenical_altar_2
D:3:      uniq_natasha

Skill      XL: |  1  2  3  4  5 |
---------------+----------------+-----
Short Blades   | 2 3 4 5 |  5.4
Fighting       | 1 2 |  2.9
Dodging        | |  2.4
Stealth        | |  4.0
Spellcasting   | |  2.1
Hexes          | |  3.0

Action                   |  1- 3 |  4- 6 || total
-------------------------+-------+-------++-------
Melee: Dagger            |    68 |   123 ||   191
 Cast: Corona            |    13 |     4 ||    17
       Ensorcelled Hiber |     9 |    16 ||    25
       Confuse           |     3 |     9 ||    12
  Use: Scroll            |       |     8 ||     8
 Stab: Sleeping          |    10 |     8 ||    18
       Confused          |     2 |     1 ||     3
  Eat: Chunk             |    13 |     7 ||    20
Armor: Robe              |    14 |    25 ||    39
Dodge: Dodged            |    53 |   104 ||   157

Table legend:
 A = Turns spent in this place as a percentage of turns spent in the entire game.
 B = Non-inter-level travel turns spent in this place as a percentage of non-inter-level travel turns spent in the entire game.
 C = Inter-level travel turns spent in this place as a percentage of turns spent in this place.
 D = Turns resting spent in this place as a percentage of non-inter-level travel turns spent in this place.
 E = Turns spent auto-exploring this place as a percentage of non-inter-level travel turns spent in this place.
 F = Non-inter-level travel turns spent in this place divided by the number of levels of this place that you've seen.
                   A       B       C       D       E      F
               +-------+-------+-------+-------+-------+----------------------
         Total | 100.0 | 100.0 |   0.8 |   4.4 |   5.3 | 320.3
       Dungeon | 100.0 | 100.0 |   0.8 |   4.4 |   5.3 | 320.3
               +-------+-------+-------+-------+-------+----------------------

Vault maps used:
D:1:      dpeg_arrival_renting
D:2:      grunt_temple_overflow_holy_war, first_bread, ecumenical_altar_2
D:3:      uniq_natasha
